 Dungeon Crawl Stone Soup version 0.17.1-3-g152610e (webtiles) character file.

154 kaze the Ducker (level 5, -10/53 HPs)
             Began as a Troll Berserker on Feb 26, 2016.
             Was a Priest of Trog.
             Killed by nerve-wracking pain
             ... invoked by Grinder
              (14 damage)
             ... while paralysed by Grinder
             ... on level 3 of the Dungeon.
             The game lasted 00:06:48 (1786 turns).

kaze the Ducker (Troll Berserker)                   Turns: 1786, Time: 00:06:48

Health: -10/53     AC:  5    Str: 26    XL:     5   Next: 13%
Magic:  4/4        EV:  1    Int:  3    God:    Trog [***...]
Gold:   193        SH:  0    Dex:  9    Spells: 0 memorised, 4 levels left

rFire  . . .     SeeInvis .     f - +0 war axe
rCold  + . .     Clarity  .     a - +0 animal skin
rNeg   . . .     SustAt   .     p - +0 shield
rPois  .         Gourm    +     (helmet restricted)
rElec  .         Spirit   .     (no cloak)
rCorr  .         Warding  .     (gloves unavailable)
rMut   .         Stasis   .     (boots unavailable)
MR     .....                    (no amulet)
Stlth  +.........               (no ring)
                                e - ring of protection from cold

@: paralysed, exhausted, slowed, drained, not resistant to hostile enchantments,
very unstealthy
A: unfitting armour, claws 3, fast metabolism 3, gourmand, regeneration 2,
shaggy fur 1, tough skin 2
a: Berserk, Trog's Hand, Burn Spellbooks, Renounce Religion


You were on level 3 of the Dungeon.
You worshipped Trog.
Trog was most pleased with you.
You were very full.

You visited 1 branch of the dungeon, and saw 3 of its levels.

You collected 193 gold pieces.

Inventory:

Hand Weapons
 d - a +1 mace
 f - a +0 war axe (weapon)
Armour
 a - a +0 animal skin (worn)
 p - a +0 shield (worn)
Jewellery
 e - a ring of protection from cold (left claw)
 t - an uncursed amulet of resist mutation
Scrolls
 c - 3 scrolls of recharging
 m - a scroll of random uselessness
Potions
 g - a potion of lignification {unknown}
 j - 3 potions of heal wounds
 l - a potion of poison {unknown}
Comestibles
 b - 5 bread rations
 h - 7 fruits
 i - 2 chunks of flesh
 k - a royal jelly
 n - 2 beef jerkies


   Skills:
 + Level 3.0(2.8) Fighting
 + Level 0.5 Axes
 + Level 0.5 Maces & Flails
 + Level 4.0(3.8) Dodging
 + Level 0.2(0.0) Stealth
 + Level 0.7(0.5) Shields
 + Level 3.0(2.8) Unarmed Combat


You had 4 spell levels left.
You didn't know any spells.

Dungeon Overview and Level Annotations

Branches:
Dungeon (3/15)

Altars:
Nemelex Xobeh
Okawaru

Annotations:
D:3 Grinder


Innate Abilities, Weirdness & Mutations

You are too large for most types of armour.
You have claws for hands.
Your metabolism is lightning-fast.
You like to eat raw meat.
You heal very quickly.
You are covered in fur (AC +1).
You have very tough skin (AC +2).


Message History

You hit Grinder but do no damage. Grinder gestures at you.
You suddenly lose the ability to move!
Grinder hits you.
You writhe in agony.
Grinder grins, showing sharp teeth.
Grinder hits you!
You writhe in agony.
Grinder says, "Wait up."
Grinder hits you.
You writhe in agony.
* * * LOW HITPOINT WARNING * * *
Grinder gestures at you.
You barely resist. Grinder hits you but does no damage. Grinder hits you!
* * * LOW HITPOINT WARNING * * *
You writhe in agony.
* * * LOW HITPOINT WARNING * * *
A hobgoblin comes into view.
The hobgoblin shouts!
Grinder gestures at you. Pain shoots through your body!
You die...

##..### .
####..## ###.
##.#)#..#
..!#
#._.###.#
#.g###.#+#..#
#..#####..##
#...###...#
#..#5.#.#
#...@##.#
#.#.....#
#.####### #^.
####


You could see Grinder and a hobgoblin.

Vanquished Creatures
  An orc priest (D:3)
  An orc wizard (D:3)
  3 adders
  An ooze (D:1)
  2 worms (D:2)
  3 orcs (D:3)
  8 bats
  5 giant cockroaches
  6 goblins
  7 hobgoblins
  2 jackals (D:2)
  5 quokkas
  3 ball pythons (D:1)
  7 giant newts
  4 rats
58 creatures vanquished.

Notes
Turn   | Place    | Note
--------------------------------------------------------------
     0 | D:1      | kaze the Troll Berserker began the quest for the Orb.
     0 | D:1      | Reached XP level 1. HP: 22/22 MP: 0/0
   113 | D:1      | Reached XP level 2. HP: 29/29 MP: 1/1
   643 | D:2      | Reached ** piety under Trog
   708 | D:2      | Reached XP level 3. HP: 24/36 MP: 2/2
  1104 | D:2      | Found a faded altar to an unknown god.
  1131 | D:2      | Found an iron altar of Okawaru.
  1408 | D:3      | Reached XP level 4. HP: 9/44 MP: 3/3
  1726 | D:3      | Found a sparkling altar of Nemelex Xobeh.
  1738 | D:3      | Reached skill level 4 in Dodging
  1738 | D:3      | Reached XP level 5. HP: 20/53 MP: 4/4
  1741 | D:3      | Reached *** piety under Trog
  1765 | D:3      | Noticed Grinder
  1768 | D:3      | Paralysed by Grinder for 6 turns
  1781 | D:3      | Paralysed by Grinder for 7 turns
  1786 | D:3      | Killed from afar by Grinder

Action                   |  1- 3 |  4- 6 || total
-------------------------+-------+-------++-------
Melee: Mace              |   151 |       ||   151
       Unarmed           |     1 |       ||     1
       War axe           |    17 |    31 ||    48
Invok: Berserk           |     1 |     1 ||     2
  Use: Scroll            |     9 |       ||     9
       Potion            |     3 |       ||     3
  Eat: Chunk             |    19 |     5 ||    24
